 Dungeon Crawl Stone Soup version 0.26-a0-631-ged93497179 (webtiles) character file.

Game seed: 8606441405804123827

102251 headache the Fighter (level 16, -3/174 HPs)
             Began as an Ogre Arcane Marksman on Sept 11, 2020.
             Was the Champion of Ashenzari.
             Slain by a white ugly thing (48 damage)
             ... on level 1 of the Depths on Sept 12, 2020.
             The game lasted 01:12:27 (32617 turns).

headache the Fighter (Ogre Arcane Marksman)        Turns: 32617, Time: 01:12:27

Health: -3/174     AC: 24    Str: 23    XL:     16   Next: 32%
Magic:  14/19      EV: 12    Int: 20    God:    Ashenzari [******]
Gold:   1114       SH:  5    Dex: 10    Spells: 15/32 levels left

rFire    + + .     SeeInvis +   b - +6 hand axe (distort) (curse)
rCold    x . .     Faith    .   (no shield)
rNeg     + . .     Spirit   .   i - +7 fire dragon scales of Pathos {*Corrode rPois rF++ rC- MP-9 Stlth+} (curse)
rPois    +         Reflect  +   (helmet restricted)
rElec    .         Harm     .   C - +2 cloak (curse)
rCorr    .         Rampage  .   (gloves unavailable)
MR       ++...     Clarity  +   (boots unavailable)
Stlth    ..........             t - amulet of reflection (curse)
HPRegen  0.39/turn              k - ring of protection from magic (curse)
MPRegen  0.16/turn              q - ring "Ycrax" {+Fly rN+ Str+4 Int+3 SInv} (curse)

@: no status effects
A: large, unfitting armour, tough skin 1
a: Curse Item, Scrying, Transfer Knowledge, Renounce Religion, Evoke Flight


You were on level 1 of the Depths.
You worshipped Ashenzari.
Ashenzari was exalted by your worship.
You visited 5 branches of the dungeon, and saw 25 of its levels.
You also visited: Volcano.

You collected 3166 gold pieces.
You spent 2052 gold pieces at shops.

Inventory:

Hand Weapons
 b - a cursed +6 hand axe of distortion (weapon)
Missiles
 d - 3 throwing nets
 f - 14 boomerangs
 s - 71 poisoned darts
 u - 3 curare-tipped darts
 H - 2 silver boomerangs
 L - 2 large rocks (quivered)
 X - 10 silver javelins
Armour
 i - the cursed +7 fire dragon scales of Pathos (worn) {*Corrode rPois rF++ rC- MP-9 Stlth+}
   (You bought it in a shop on level 7 of the Dungeon)

   It greatly protects you from fire.
   It makes you vulnerable to cold.
   It protects you from poison.
   It affects your magic capacity (-9).
   It may corrode you when you take damage.
   It makes you more stealthy.
   It has a curse placed upon it.
 C - a cursed +2 cloak (worn)
Jewellery
 k - a cursed ring of protection from magic (left hand)
 q - the cursed ring "Ycrax" (right hand) {+Fly rN+ Str+4 Int+3 SInv}
   (You bought it in a shop on level 2 of the Orcish Mines)

   [ring of flight]

   It affects your strength (+4).
   It affects your intelligence (+3).
   It protects you from negative energy.
   It lets you see invisible.
   It lets you fly.
   It has a curse placed upon it.
 t - a cursed amulet of reflection (around neck)
 Y - an uncursed amulet of regeneration
Wands
 a - a wand of disintegration (35)
 n - a wand of paralysis (5)
 D - a wand of digging (7)
 E - a wand of polymorph (40)
 G - a wand of enslavement (12)
 I - a wand of flame (12)
 T - a wand of acid (12)
Scrolls
 e - 4 scrolls of immolation
 g - 9 scrolls of amnesia
 l - 2 scrolls of magic mapping
 o - 2 scrolls of fog
 r - 12 scrolls of teleportation
 v - 6 scrolls of blinking
 w - 9 scrolls of remove curse
 y - 4 scrolls of torment
 F - a scroll of enchant armour
 J - a scroll of enchant weapon
 K - 3 scrolls of vulnerability
 N - 2 scrolls of summoning
 O - a scroll of brand weapon
 R - a scroll of silence
 S - 2 scrolls of fear
 V - 4 scrolls of identify
Potions
 c - 2 potions of brilliance
 h - 3 potions of mutation {unknown}
 j - 9 potions of curing
 m - 7 potions of magic
 p - 5 potions of might
 x - 7 potions of stabbing
 z - 2 potions of ambrosia
 A - a potion of resistance {unknown}
 B - 6 potions of flight
 M - 3 potions of haste
 P - a potion of berserk rage
 Q - 3 potions of heal wounds
 U - 5 potions of lignification {unknown}
 W - a potion of invisibility


   Skills:
 - Level 14.5 Fighting
 - Level 11.6(15.8) Axes
 - Level 10.7 Throwing
 - Level 9.9(12.7) Armour
 - Level 8.3(11.3) Dodging
 - Level 8.8 Spellcasting
 - Level 4.8(9.2) Hexes
 - Level 1.0(3.5) Translocations
 - Level 6.3(10.9) Transmutations
 + Level 8.1(12.6) Earth Magic
 - Level 6.1(10.6) Evocations


You had 15 spell levels left.
You knew the following spells:

 Your Spells              Type           Power        Failure   Level
a - Corona                Hex            #####..      1%          1
b - Slow                  Hex            #####...     1%          2
c - Portal Projectile     Hex/Tloc       ####..       4%          3
d - Cause Fear            Hex            #####.....   4%          4
e - Statue Form           Tmut/Erth      ######...    22%         6
f - Apportation           Tloc           ###...       4%          1

Your spell library contained the following spells:

 Spells                   Type           Power        Failure   Level
 Tukima's Dance           Hex            #####...     1%          3
 Leda's Liquefaction      Hex/Erth       ######....   1%          4
 Inner Flame              Hex/Fire       ####....     7%          3
 Lesser Beckoning         Tloc           ###.......   13%         3
 Animate Skeleton         Necr           ##....       14%         1
 Freeze                   Ice            ##..         14%         1
 Summon Small Mammal      Summ           ##..         14%         1
 Hydra Form               Tmut           ######....   32%         6
 Frozen Ramparts          Ice            ##....       38%         3
 Ozocubu's Armour         Ice            ##......     38%         3
 Alistair's Intoxication  Tmut/Pois      ####.....    43%         5
 Irradiate                Conj/Tmut      ####......   43%         5
 Invisibility             Hex            #####...     54%         6
 Hailstorm                Conj/Ice       ##......     80%         4
 Summon Ice Beast         Ice/Summ       ##......     80%         4
 Dragon Form              Tmut           ######....   87%         7


Dungeon Overview and Level Annotations

Branches:
Dungeon (15/15)            Temple (1/1) D:5            Lair (6/6) D:11
  Swamp (0/4) Lair:2       Spider (0/4) Lair:3        Slime (0/5) Lair:6
    Orc (2/2) D:11            Elf (0/3) Orc:2        Vaults (0/5) D:13
 Depths (1/5) D:15        Volcano (visited)

Altars:
Ashenzari
Cheibriados
Dithmenos
Elyvilon
Fedhas
Gozag
Hepliaklqana
Kikubaaqudgha
Makhleb
Nemelex Xobeh
Okawaru
Qazlal
Ru
Sif Muna
Trog
Uskayaw
Vehumet
Wu Jian
Xom
Yredelemnul
Zin
The Shining One
Beogh
Jiyva

Shops:
D:7 [   D:8 :   D:9 !   D:10 (*?=*   D:12 :   Orc:2 ?=(?!:

Annotations:
Abyss:1 Edmund, Frances, Ijyb, Nergalle, Terence


Innate Abilities, Weirdness & Mutations

You are too large for most types of armour.
You have tough skin. (AC +1)


Message History

The deep troll shaman simulacrum bites you but does no damage.
The deep troll shaman simulacrum claws you but does no damage.
The deep troll shaman simulacrum claws you.
The deep troll shaman simulacrum freezes you!!
You feel a terrible chill!
Things that are here:
41 bolts; a cursed -1 arbalest; a yaktaur skeleton You closely miss the white ugly thing.
The white ugly thing is severely wounded.
The white ugly thing punches you. The white ugly thing freezes you!!!
You feel a terrible chill!
* * * LOW HITPOINT WARNING * * *
You are no longer teleporting projectiles to their destination.
You see here a bolt.
Your fire dragon scales of Pathos prevents you from hitting the white ugly thing.
The white ugly thing is severely wounded.
The white ugly thing punches you.
* * * LOW HITPOINT WARNING * * *
The white ugly thing freezes you!!!
You feel a terrible chill!
You die...

((#{...≈# ,,,#≈....####....#
).####.≈#., , #≈..#'#..#....#
### #..≈#.. ,#≈.##....##...# ,
∆##.≈###'###≈........#... ##*
,,,#.≈#.....'.........#'# .,* ,
,###.≈#.....'...........#,.#* .
#
##...≈###'###[..........##'#...
###....≈# #≈(uZu.(((...'.....
#.##'..≈#,
,,,#(@#......##'#.....
...#.'.≈#, , #((#......#....^...
##.###.≈#∆ ∆,
#≈.#......##.{.####
.#..#..≈#######(.#.......#{..#*
.##.#..≈≈≈≈≈≈≈≈≈.###.....#...# ,
..#.#'.........(.#.'....##u... ,
..#('.#'###.....(..#....#...Z..
#.#'#........[.....######.......
###....................# {{{{,


You could see 2 ugly things and a deep troll shaman simulacrum.

Vanquished Creatures
  A tengu reaver (Depths:1)
  A stone giant (Depths:1)
  Nessos (D:13)
  A dire elephant (D:15)
  A merfolk javelineer (Depths:1)
  A fire dragon (Depths:1)
  An ice dragon (Depths:1)
  4 hydras
  A great orb of eyes (Depths:1)
  11 two-headed ogres
  An ogre mage (D:15)
  2 deep troll earth magi (D:15)
  2 orc high priests (Orc:2)
  A hell knight (D:15)
  2 lindwurms (Volcano)
  A necromancer (Depths:1)
  2 wizards
  A harpy (shapeshifter) (D:13)
  Pikel (D:4)
  5 orc knights
  A wolf spider (D:15)
  A cyclops (D:11)
  An ugly thing (D:11)
  A deep elf mage (D:13)
  7 orc sorcerers
  3 manticores
  A fire giant skeleton (Depths:1)
  Maurice (D:11)
  A black mamba (shapeshifter) (D:14)
  2 black mambas
  2 centaur skeletons
  2 molten gargoyles (Volcano)
  4 gargoyles
  11 cane toads
  A komodo dragon (shapeshifter) (D:14)
  6 komodo dragons
  7 yaktaurs (Depths:1)
  3 efreet (Volcano)
  A tengu conjurer (Depths:1)
  A yaktaur skeleton (Depths:1)
  6 polar bears (Lair:6)
  3 meliai (D:15)
  8 trolls
  5 hornets
  2 tyrant leeches (Lair:2)
  3 slime creatures
  10 blink frogs
  9 dream sheep (Lair:6)
  5 hippogriffs
  10 spriggans (Lair:6)
  A wraith (D:13)
  A wyvern (D:13)
  2 basilisks
  22 yaks
  2 fire bats (Orc:2)
  2 steam dragons
  A fire elemental (Lair:5)
  6 vampire mosquitoes
  2 swamp worms (Lair:2)
  7 wargs
  2 acid dragons
  11 water moccasins
  10 porcupines
  Duvessa (D:5)
  12 orc warriors
  3 black bears
  A hornet zombie (D:15)
  4 sky beasts
  3 ice beasts
  3 phantoms
  An eye of draining (D:14)
  6 boggarts
  17 ogres
  5 centaurs
  3 lemures (D:4)
  26 wolves
  2 big kobolds
  13 crocodiles
  A big kobold (shapeshifter) (D:13)
  2 earth elementals (Volcano)
  15 bullfrogs
  Blork the orc (D:5)
  A wyvern zombie (D:9)
  Dowan (D:5)
  A water moccasin zombie (D:6)
  A water moccasin skeleton (D:6)
  8 scorpions
  6 wights
  8 howler monkeys
  2 quasits
  3 centaur zombies
  9 hounds
  10 orc priests
  5 bullfrog skeletons
  4 jellies
  23 orc wizards
  6 iguanas
  10 worker ants
  2 hound zombies (D:6)
  A hound skeleton (D:11)
  Robin (D:2)
  13 gnolls
  14 adders
  A shadow imp (D:10)
  A white imp (D:5)
  3 ufetubi
  An ooze (D:3)
  3 adder zombies
  3 adder skeletons
  2 dart slugs
  6 leopard geckos
  60 orcs
  2 ball pythons
  5 giant cockroaches
  16 goblins
  6 hobgoblins
  4 jackals
  25 kobolds
  6 quokkas
  16 bats
  7 frilled lizards
  A jackal skeleton (D:6)
  2 jackal zombies
  A leopard gecko skeleton (D:6)
  A quokka skeleton (D:6)
  A quokka zombie (D:6)
  3 rats
  2 fire vortices (Volcano)
654 creatures vanquished.

Vanquished Creatures (collateral kills)
  A manticore (D:15)
1 creature vanquished.

Vanquished Creatures (others)
  An orc warrior (Orc:2)
  A bush (Lair:2)
  2 fire vortices
  73 fungi
  91 plants
  A withered plant (D:6)
169 creatures vanquished.

Grand Total: 824 creatures vanquished

Notes
Turn   | Place    | Note
-------+----------+-------------------------------------------
     0 | D:1      | headache the Ogre Arcane Marksman began the quest for the
                  | Orb.
     0 | D:1      | Reached XP level 1. HP: 19/19 MP: 2/2
   129 | D:1      | Reached XP level 2. HP: 27/27 MP: 3/3
   481 | D:1      | Learned a level 2 spell: Slow
   500 | D:1      | Reached XP level 3. HP: 31/33 MP: 4/4
   795 | D:2      | Noticed Terence
   808 | D:1      | Banished Terence
   836 | D:2      | Learned a level 3 spell: Portal Projectile
   846 | D:2      | Reached XP level 4. HP: 39/41 MP: 8/8
   902 | D:2      | Reached skill level 1 in Translocations
   926 | D:2      | Found a hide-covered altar of Uskayaw.
   956 | D:2      | Noticed Robin
   962 | D:2      | Killed Robin
  1319 | D:2      | Reached XP level 5. HP: 48/48 MP: 10/10
  2204 | D:3      | Reached skill level 2 in Fighting
  2204 | D:3      | Reached XP level 6. HP: 59/59 MP: 11/11
  2540 | D:3      | Reached skill level 3 in Fighting
  2985 | D:4      | Noticed an orc warrior
  3386 | D:4      | Reached skill level 4 in Fighting
  3551 | D:4      | Noticed Pikel
  3726 | D:4      | Killed Pikel
  3726 | D:4      | Reached XP level 7. HP: 11/70 MP: 12/12
  4047 | D:4      | Found a snail-covered altar of Cheibriados.
  4082 | D:4      | Reached XP level 8. HP: 22/78 MP: 13/13
  5151 | D:5      | Entered Level 5 of the Dungeon
  5159 | D:5      | Noticed Ijyb
  5168 | D:5      | Banished Ijyb
  5504 | D:5      | Noticed Blork the orc
  5510 | D:5      | Killed Blork the orc
  5675 | D:5      | Noticed Duvessa
  5679 | D:5      | Noticed Dowan
  5681 | D:5      | Reached skill level 1 in Axes
  5912 | D:5      | Killed Duvessa
  5912 | D:5      | Reached XP level 9. HP: 72/87 MP: 14/14
  5923 | D:5      | Killed Dowan
  6137 | D:5      | Reached skill level 5 in Axes
  6192 | D:5      | Found a staircase to the Ecumenical Temple.
  6201 | Temple   | Entered the Ecumenical Temple
  6294 | Temple   | Became a worshipper of Ashenzari the Shackled
  6365 | D:5      | Noticed Edmund
  6373 | D:5      | Banished Edmund
  7468 | D:6      | Found a burning altar of Makhleb.
  7952 | D:6      | Reached XP level 10. HP: 84/94 MP: 15/15
  8338 | D:7      | Reached * piety under Ashenzari
  8345 | D:7      | Found a glowing golden altar of the Shining One.
  8348 | D:7      | Found a blossoming altar of Fedhas.
  8371 | D:7      | Reached skill level 5 in Fighting
  8690 | D:7      | Reached skill level 6 in Fighting
  8879 | D:7      | Found a white marble altar of Elyvilon.
  9013 | D:7      | Found Jiteob's Armour Emporium.
  9141 | D:7      | Learned a level 4 spell: Cause Fear
  9157 | D:8      | Reached skill level 7 in Fighting
  9379 | D:8      | Reached skill level 8 in Fighting
  9777 | D:8      | Reached skill level 1 in Armour
  9844 | D:8      | Found a radiant altar of Vehumet.
 10027 | D:8      | Found Gidwoomo's Book Shoppe.
 10214 | D:9      | Reached ** piety under Ashenzari
 11449 | D:9      | Found Genofy's Distillery.
 11456 | D:9      | Bought a potion of degeneration for 14 gold pieces
 11456 | D:9      | Bought a potion of curing for 42 gold pieces
 11481 | D:10     | Entered Level 10 of the Dungeon
 11483 | D:10     | Noticed an unseen horror
 11485 | D:10     | Banished an unseen horror
 11485 | D:10     | Reached skill level 5 in Armour
 11485 | D:10     | Reached XP level 11. HP: 88/113 MP: 14/16
 11582 | D:10     | Found Exipleta's Jewellery Boutique.
 11638 | D:10     | Found Cari's Assorted Antiques.
 11777 | D:10     | Found Milim's General Store.
 11846 | D:10     | Found Cerch's Magic Scroll Emporium.
 11917 | D:10     | Found Hidajan's Antique Weapon Shoppe.
 12423 | D:11     | Reached skill level 9 in Fighting
 12864 | D:11     | Noticed a two-headed ogre
 13156 | D:11     | Reached skill level 10 in Fighting
 13162 | D:11     | Noticed Maurice
 13174 | D:11     | Killed Maurice
 13425 | D:11     | Found a staircase to the Orcish Mines.
 13526 | D:11     | Noticed a two-headed ogre
 13527 | D:11     | Noticed a purple ugly thing
 13545 | D:11     | Killed a two-headed ogre
 13578 | D:11     | Killed a purple ugly thing
 13767 | D:11     | Killed a two-headed ogre
 13811 | D:11     | Found a staircase to the Lair.
 13816 | D:11     | Reached *** piety under Ashenzari
 13959 | D:11     | Noticed a manticore
 13965 | D:11     | Killed a manticore
 14068 | D:11     | Noticed a cyclops
 14073 | D:11     | Killed a cyclops
 14073 | D:11     | Reached skill level 10 in Throwing
 14409 | D:11     | Reached XP level 12. HP: 128/128 MP: 12/17
 14892 | D:11     | Reached skill level 5 in Spellcasting
 14979 | D:12     | Found Detazog's Book Shoppe.
 15510 | D:12     | Noticed a two-headed ogre
 15522 | D:12     | Killed a two-headed ogre
 15604 | D:12     | Noticed a two-headed ogre
 15610 | D:12     | Killed a two-headed ogre
 15684 | D:12     | Noticed a two-headed ogre
 15704 | D:12     | Killed a two-headed ogre
 16176 | Orc:1    | Entered Level 1 of the Orcish Mines
 16244 | Orc:1    | Noticed an orc high priest
 16255 | Orc:1    | Banished an orc high priest
 16481 | Orc:1    | Reached XP level 13. HP: 103/136 MP: 22/22
 16582 | Orc:1    | Found a roughly hewn altar of Beogh.
 16881 | Orc:2    | Entered Level 2 of the Orcish Mines
 16958 | Orc:2    | Found a dark tunnel.
 17050 | Volcano  | Entered a volcano
 17074 | Volcano  | Reached skill level 5 in Evocations
 17751 | Orc:2    | Reached **** piety under Ashenzari
 17769 | Orc:2    | Reached skill level 11 in Fighting
 17809 | Orc:2    | Found Lepuom's Magic Scroll Shop.
 17941 | Orc:2    | Found a staircase to the Elven Halls.
 17948 | Orc:2    | Found Japsav's Jewellery Shop.
 18180 | Orc:2    | Reached skill level 12 in Fighting
 18507 | Orc:2    | Found Ixoaf's Magic Scroll Boutique.
 18542 | Orc:2    | Reached skill level 13 in Fighting
 18647 | Orc:2    | Found Iwadd's Distillery.
 18651 | Orc:2    | Found Ozxe's Book Shoppe.
 18658 | Orc:2    | Found Cosuuv's Weapon Boutique.
 18842 | D:13     | Noticed Nessos
 18858 | D:13     | Killed Nessos
 18990 | D:13     | Reached skill level 14 in Fighting
 19106 | D:13     | Found a gate to the Vaults.
 19997 | D:13     | Reached XP level 14. HP: 153/157 MP: 23/23
 20020 | D:13     | Noticed Frances
 20463 | D:13     | Banished Frances
 20950 | D:14     | Identified a scroll of acquirement
 20951 | D:14     | Acquired 590 gold pieces
 21499 | D:7      | Bought the +7 fire dragon scales of Pathos {*Corrode rPois
                  | rF++ rC- MP-9 Stlth+} for 1520 gold pieces
 21510 | D:7      | Identified the cursed +0 plate armour of Ru's Displeasure
                  | {rPois} (You found it on level 8 of the Dungeon)
 21520 | D:8      | Identified the cursed +0 plate armour of Ru's Displeasure
                  | {rPois} (You found it on level 8 of the Dungeon)
 21647 | Orc:2    | Bought the ring "Ycrax" {+Fly rN+ Str+4 Int+3 SInv} for 476
                  | gold pieces
 21757 | D:15     | Entered Level 15 of the Dungeon
 21768 | D:15     | Found a staircase to the Depths.
 21768 | D:15     | Noticed a dire elephant
 21789 | D:15     | Killed a dire elephant
 22069 | D:15     | Reached skill level 5 in Dodging
 23669 | Lair:1   | Entered Level 1 of the Lair of Beasts
 24376 | Lair:1   | Upgraded the game from 0.26-a0-613-g4f23886233 to
                  | 0.26-a0-631-ged93497179
 24512 | Lair:2   | Reached skill level 10 in Axes
 24555 | Lair:2   | Reached ***** piety under Ashenzari
 24835 | Lair:2   | Found a staircase to the Swamp.
 25014 | Lair:2   | Reached XP level 15. HP: 165/165 MP: 17/26
 25631 | Lair:3   | Found a bloodstained altar of Trog.
 25632 | Lair:3   | Found a hole to the Spider Nest.
 25777 | Lair:3   | Identified the +11 rapier "Vackuplo" {vorpal, rC- Int+7}
 26895 | Lair:4   | Noticed Nergalle
 26905 | Lair:4   | Banished Nergalle
 27087 | Lair:4   | Learned a level 6 spell: Statue Form
 27337 | Lair:5   | Reached skill level 1 in Transmutations
 27337 | Lair:5   | Reached skill level 1 in Earth Magic
 27659 | Lair:5   | Identified the +8 mace of Xagelorib {elec, rC+}
 28022 | Lair:6   | Entered Level 6 of the Lair of Beasts
 28147 | Lair:6   | Reached ****** piety under Ashenzari
 29232 | Lair:6   | Reached skill level 5 in Transmutations
 29236 | Lair:6   | Reached skill level 5 in Earth Magic
 29324 | Lair:6   | Found a viscous altar of Jiyva.
 29336 | Lair:6   | Found a staircase to the Slime Pits.
 29762 | Lair:6   | Learned a level 1 spell: Apportation
 29973 | Depths:1 | Entered Level 1 of the Depths
 30701 | Depths:1 | Reached XP level 16. HP: 167/174 MP: 13/28
 30746 | Depths:1 | Paralysed by a great orb of eyes for 2 turns
 31467 | Depths:1 | Noticed a tengu reaver
 31856 | Depths:1 | Killed a tengu reaver
 32617 | Depths:1 | Slain by a white ugly thing

Illustrated notes

Levels and vault maps discovered:
D:1:      matt_arrival_los_fun, layout_rooms, minmay_fountain_box
D:2:      layout_basic, eat_drink_and_be_merry_uskayaw, hangedman_decor_points,
          minmay_tetromino_s4, uniq_robin, uniq_terence
D:3:      layout_basic, serial_glass, glass_columns_a, glass_columns_a
D:4:      layout_cave_pods, cheibriados_altar_1, uniq_pikel
D:5:      layout_basic, minmay_temple_entry_ruins, uniq_duvessa,
          uniq_blork_the_orc, uniq_edmund, uniq_ijyb
D:6:      old_forge, layout_cave_pools, kennysheep_mini, serial_undead,
          serial_undead_a, serial_undead_f, serial_undead_a, serial_undead_d
D:7:      layout_cave_pools, elyvilon_altar_1,
          chequers_temple_overflow_statue_of_worship, serial_shops,
          kennysheep_mini_moat
D:8:      layout_loops_ring, kennysheep_little_box, serial_shops,
          nicolae_shop_stone
D:9:      layout_roguey, serial_co_window_serial, co_window_paths_b,
          co_window_paths_a, co_window_corner_a, co_window_paths_a,
          co_window_paths_a, co_window_broadway_c, co_window_corner_b,
          co_window_corner_b, co_window_cross_3, co_window_unsneaky_path_a,
          co_window_4corner_a, glass_columns_b, glass_columns_a,
          glass_columns_a, glass_columns_a, glass_columns_a, serial_shops, shop
D:10:     layout_roguey, serial_shops, shop, nicolae_shop_window_shopping, shop,
          shop, shop
D:11:     layout_grid_maze, due_lair_maze_entry_diamond, orc_0_dummy,
          uniq_maurice
D:12:     layout_basic, serial_shops, shop
D:13:     layout_roguey, david_vaults_2, lemuel_flamethrower_3, uniq_frances,
          uniq_nessos
D:14:     layout_long_grid, kennysheep_another_room
D:15:     hangedman_depths_entry_try_elsewhere_first, layout_cave_pools,
          hangedman_abyss_or_decor_jellyfish_corner
Temple:   lightli_temple_of_artemis
Lair:1:   beast_lair_carwin_large_3, layout_hall_layers, wad_woods_road_05
Lair:2:   layout_regular_city, minmay_swamp_entry_worms, serial_forest,
          infiniplex_forest_lined_4_way, infiniplex_forest_corner_1,
          infiniplex_forest_lined_3_way, infiniplex_forest_end_2,
          infiniplex_forest_corner_2, infiniplex_forest_clump_long,
          infiniplex_forest_end_2, infiniplex_forest_lined_2
Lair:3:   layout_cave_pods, dummy_spider_entry, basic_altar, beast_lair_carwin_5
Lair:4:   layout_concentric_octagons, lemuel_fruit_fields, uniq_nergalle
Lair:5:   layout_gridlike, grunt_megastairs_4, infiniplex_staircase_pool
Lair:6:   minmay_lair_end_enchanted_forest, layout_layer_cave, slime_altar_1,
          bh_autumn_forest_stairs, lemuel_fruit_fields
Orc:1:    layout_caves, basic_altar
Orc:2:    st_orc_elflike, layout_diamond_mine, serial_shops, shop,
          nicolae_shop_waterfront, nicolae_volcano_entry_batcave
Depths:1: layout_honeycomb, grunt_hell_entry_dis_mu,
          kennysheep_decorative_pillar, serial_shops, shop,
          rand_demon_pan_entry_3, nooodl_orcs_dogs

Skill      XL: |  1  2  3  4  5  6  7  8  9 10 11 12 13 14 15 16 |
---------------+-------------------------------------------------+-----
Hexes          | 3 4 |  4.8
Spellcasting   | 2 3 6 7 8 |  8.8
Translocations | 1 |  1.0
Fighting       | 2 4 8 10 14 | 14.5
Throwing       | 6 8 10 | 10.7
Axes           | 4 9 10 11 | 11.6
Armour         | 5 6 8 9 |  9.9
Evocations     | 3 6 |  6.1
Dodging        | 8 |  8.3
Transmutations | 5 6 |  6.3
Earth Magic    | 5 8 |  8.1

Action                   |  1- 3 |  4- 6 |  7- 9 | 10-12 | 13-15 | 16-18 || total
-------------------------+-------+-------+-------+-------+-------+-------++-------
Melee: Hand axe          |    55 |   190 |   198 |   535 |  1148 |   116 ||  2242
Throw: Boomerang         |     7 |    23 |    34 |     3 |    22 |       ||    89
       Dart              |       |     4 |    10 |    19 |     4 |       ||    37
       Large rock        |       |     2 |    10 |    78 |    84 |    19 ||   193
       Throwing net      |       |       |       |     2 |     2 |       ||     4
 Cast: Portal Projectile |       |     1 |     3 |    20 |    24 |     7 ||    55
       Corona            |       |       |       |     3 |       |       ||     3
       Slow              |       |       |       |     4 |     1 |       ||     5
Invok: Curse Item        |       |       |     3 |       |     3 |       ||     6
Evoke: Wand              |       |       |       |     2 |     7 |     1 ||    10
  Use: Scroll            |       |     5 |     8 |    12 |    12 |       ||    37
       Potion            |       |       |       |       |     3 |       ||     3
 Stab: Sleeping          |       |       |     1 |       |       |       ||     1
       Held in net/web   |       |       |       |     1 |     1 |       ||     2
       Paralysed         |       |       |       |       |     7 |       ||     7
       Distracted        |       |       |       |       |     1 |       ||     1
Armor: Robe              |    19 |    62 |    29 |    46 |       |       ||   156
       Troll leather arm |       |       |       |    40 |    60 |       ||   100
       Fire dragon scale |       |       |       |       |   278 |    43 ||   321
Dodge: Dodged            |    40 |   118 |   111 |   173 |   334 |    46 ||   822
Block: Other             |       |       |     5 |   108 |   156 |    18 ||   287
       Reflection        |       |       |       |    11 |       |     1 ||    12

Table legend: (Time is in decaauts)
 A = Elapsed time spent in this place.
 B = Non-inter-level travel time spent in this place.
 C = Inter-level travel time spent in this place.
 D = Time resting spent in this place.
 E = Time spent auto-exploring this place.
 F = Levels seen in this place.
 G = Mean time per level.
                   A        B        C        D        E       F      G
               +--------+--------+--------+--------+--------+-----+--------+
         Total |  32215 |  30664 |   1551 |   6195 |  19048 |  26 | 1239.0 |
       Dungeon |  22165 |  20939 |   1226 |   5307 |  12361 |  15 | 1477.7 |
        Temple |    108 |    106 |      2 |      0 |     74 |   1 |  108.0 |
          Lair |   5972 |   5743 |    229 |      0 |   4785 |   6 |  995.3 |
  Orcish Mines |   1855 |   1763 |     92 |    197 |   1075 |   2 |  927.5 |
        Depths |   1509 |   1509 |      0 |    424 |    661 |   1 | 1509.0 |
       Volcano |    603 |    603 |      0 |    267 |     90 |   1 |  603.0 |
               +--------+--------+--------+--------+--------+-----+--------+

Top non-repeatable levels by time:
    D:15: 2858 daAuts
    D:11: 2398 daAuts
     D:4: 1953 daAuts
     D:3: 1853 daAuts
    D:13: 1661 daAuts
     D:6: 1643 daAuts
  Lair:6: 1580 daAuts
Depths:1: 1509 daAuts
    D:12: 1467 daAuts
    D:10: 1453 daAuts
     D:9: 1398 daAuts
     D:5: 1299 daAuts
   Orc:2: 1252 daAuts
  Lair:3: 1025 daAuts
  Lair:2: 1022 daAuts
